Icehogs vs Wolfpack

Created - April 20, 2025 at 21:34

Goals
1 2 3 T
Icehogs 0 1 1 2
Wolfpack 1 1 5 7
Shots
1 2 3 T
Icehogs 11 18 9 38
Wolfpack 14 9 12 35

1st period

1. Wolfpack , Owen Tippet 24 (Derrick Pouliot 49, Alex Barre-Boulet 40) at 18:24

Penalties :
Alexander Barabanov (Har) for Hooking (Minor) at 6:22, Derrick Pouliot (Har) for Tripping (Minor) at 10:47, Alexander Barabanov (Har) for Tripping (Minor) at 14:02

2nd period

2. Icehogs , Andrew Poturalski 21 (Jeremy Davies 38, Maxim Letunov 9) at 6:49
3. Wolfpack , Linus Sandin 9 (Yegor Korshkov 24, Cale Fleury 14) at 15:56

Penalties :
Hudson Fasching (Roc) for Delaying the game (Minor) at 12:12

3rd period

4. Icehogs , Mikhail Grigorenko 33 (Jeremy Davies 39) at 3:01
5. Wolfpack , Dryden Hunt 22 (Sebastian Collberg 43, Ryan Culkin 27) at 4:16 (PP)
6. Wolfpack , Alex Barre-Boulet 24 (Alexander Barabanov 30, Owen Tippet 31) at 5:30
7. Wolfpack , Sebastian Collberg 43 (Nolan Patrick 57, Ryan Culkin 28) at 9:26
8. Wolfpack , Linus Sandin 10 (Colton White 36) at 11:35
9. Wolfpack , Alexander Barabanov 30 (Joshua Jacobs 13) at 14:47

Penalties :
Calle Andersson (Roc) for Elbowing (Minor) at 4:04, Nikita Scherbak (Roc) for Hooking (Minor) at 18:25

Goalie Stats

Mackenzie Blackwood (Roc), 28 saves from 35 shots - (0.800), L, 27-22-4, 60:00 minutes
Samuel Ersson (Har), 36 saves from 38 shots - (0.947), W, 14-15-4, 60:00 minutes

Players Stats for Icehogs

Player Name              G  A  P  +/- PIM S  H  SB GA TA FO     MP     PP MP  PK MP  
------------------------------------------------------------------------------------
Andrew Poturalski        1  0  1  -1  0   4  5  2  0  1  22/41  21:56   3:18   0:31 
Antoine Morand           0  0  0   0  0   0  0  0  0  0  0/0     0:00   0:00   0:00 
Ben Johnson              0  0  0   0  0   2  1  0  0  1  2/5    10:58   0:00   0:44 
Calle Andersson          0  0  0  -2  2   0  2  2  0  0  0/0    20:08   2:34   1:29 
Clark Bishop             0  0  0   0  0   0  0  0  0  0  0/0     0:16   0:00   0:16 
Declan Chisholm          0  0  0  -1  0   1  0  0  0  0  0/0    11:23   0:00   0:00 
Dillon Dube              0  0  0  -2  0   1  3  1  1  0  4/14   17:48   2:39   0:31 
Egor Afanasyev           0  0  0   0  0   0  0  0  0  0  0/0     0:00   0:00   0:00 
Gabriel Fortier          0  0  0  -1  0   2  0  0  0  0  0/0     7:43   0:00   0:25 
Hudson Fasching          0  0  0  -1  2   5  2  0  1  0  1/1    22:40   3:18   1:15 
Jackson Cates            0  0  0   0  0   0  0  0  0  0  0/0     0:46   0:00   0:45 
Jeremy Davies            0  2  2  -1  0   3  2  0  0  0  0/0    28:28   3:23   2:16 
JJ. Piccinich            0  0  0   0  0   2  1  0  0  1  0/0    10:14   0:00   0:00 
Julius Honka             0  0  0  -1  0   2  3  0  0  0  0/0    28:28   3:23   2:16 
Kristian Reichel         0  0  0   0  0   0  0  0  0  0  0/0     0:00   0:00   0:00 
Maxim Letunov            0  1  1  -1  0   3  0  0  1  0  2/4     7:18   0:00   0:00 
Mikhail Grigorenko       1  0  1  -1  0   7  0  0  0  1  2/4    23:40   3:18   2:14 
Mitchell Chaffee         0  0  0  -1  0   1  1  0  0  0  0/0     7:18   0:00   0:00 
Nikita Okhotyuk          0  0  0  -1  0   0  1  2  0  0  0/0    11:23   0:00   0:00 
Nikita Scherbak          0  0  0  -2  2   5  2  0  0  1  0/1    17:16   2:39   0:00 
Nils Hoglander           0  0  0  -2  0   0  4  0  0  0  0/0    17:17   2:39   0:00 
Ross Johnston            0  0  0   0  0   0  3  0  0  0  0/0    11:03   0:00   0:49 
Zach Whitecloud          0  0  0  -2  0   0  1  2  0  2  0/0    20:09   2:34   1:29 

Players Stats for Wolfpack

Player Name              G  A  P  +/- PIM S  H  SB GA TA FO     MP     PP MP  PK MP  
------------------------------------------------------------------------------------
Alex Barre-Boulet        1  1  2   2  0   2  2  0  0  0  9/16   18:57   1:48   2:31 
Alexander Barabanov      1  1  2   2  4   5  2  0  1  0  0/0    17:45   1:48   0:44 
Andrei Altybarmakyan     0  0  0   0  0   1  0  0  0  0  0/0     6:13   0:00   0:00 
Cale Fleury              0  1  1   3  0   1  0  0  0  1  0/0    11:39   0:00   0:43 
Colton White             0  1  1  -1  0   0  0  2  1  1  0/0    29:30   2:08   3:21 
Derrick Pouliot          0  1  1  -1  2   1  1  1  1  0  0/0    27:49   2:08   1:41 
Dryden Hunt              1  0  1   0  0   2  2  1  1  0  0/0    23:09   1:57   3:06 
Jake Marchment           0  0  0   2  0   3  1  0  1  0  6/7    11:34   0:00   0:13 
Jeffrey Viel             0  0  0   0  0   0  1  0  0  0  0/0     8:42   0:00   1:46 
Joshua Jacobs            0  1  1   3  0   0  0  1  0  0  0/0    10:22   0:00   0:19 
K'Andre Miller           0  0  0   2  0   0  1  0  0  0  0/0    21:24   1:37   3:33 
Linus Sandin             2  0  2   2  0   5  2  0  0  0  0/0    10:44   0:00   0:00 
Nolan Patrick            0  1  1   0  0   2  2  2  0  0  18/41  23:16   1:57   3:13 
Owen Tippet              1  1  2   2  0   3  0  1  0  1  0/0    16:20   1:48   0:00 
Ryan Culkin              0  2  2   2  0   4  1  0  0  0  0/0    20:08   1:37   2:17 
Sebastian Collberg       1  1  2   0  0   4  5  1  0  0  2/4    19:10   1:57   0:00 
Shane Pinto              0  0  0   0  0   0  0  0  0  0  2/2     6:13   0:00   0:00 
Yegor Korshkov           0  1  1   2  0   2  1  0  2  0  0/0    11:05   0:00   0:21 

3 Stars

1 - Linus Sandin (Har)
2 - Alex Barre-Boulet (Har)
3 - Sebastian Collberg (Har)

Power Play

Icehogs - 0 on 3 Attempt(s) - 0.00%
Wolfpack - 1 on 3 Attempt(s) - 33.33%

Penalty Kill

Icehogs - 2 on 3 Attempt(s) - 66.67% - Score 0 goal in Penalty Kill
Wolfpack - 3 on 3 Attempt(s) - 100.00% - Score 0 goal in Penalty Kill

Team Stat

Icehogs - Hits : 31 - Faceoff Wins : 33 - Blocked Shots : 9 - Penalty Minutes : 6
Wolfpack - Hits : 21 - Faceoff Wins : 37 - Blocked Shots : 9 - Penalty Minutes : 6

Official

Referees : TJ Luxmore and Chris Rooney
Linesman : Libor Suchanek and Brian Mach

Game Notes

No Game Note

Finance

Level 1 -- Attendance: 1889 (94.45%) -- Ticket Income $132,230
Level 2 -- Attendance: 880 (88.00%) -- Ticket Income $35,200
Total Attendance: 2769 (92.30%)
Total Ticket Income: $167,430
Other Income: $8,372
Total Income: $175,802

Icehogs

5 vs 5 Forward 
   Center                   Left Wing                Right Wing               Time % Phy DF OF 
 1 Andrew Poturalski        Mikhail Grigorenko       Hudson Fasching          40     1   2  2  
 2 Dillon Dube              Nils Hoglander           Nikita Scherbak          30     1   2  2  
 3 Ben Johnson              Ross Johnston            JJ. Piccinich            20     1   2  2  
 4 Maxim Letunov            Gabriel Fortier          Mitchell Chaffee         10     1   2  2  

5 vs 5 Defense 
   Defense                  Defense                                           Time % Phy DF OF 
 1 Julius Honka             Jeremy Davies                                     40     1   2  2  
 2 Calle Andersson          Zach Whitecloud                                   30     1   2  2  
 3 Declan Chisholm          Nikita Okhotyuk                                   20     1   2  2  
 4 Julius Honka             Jeremy Davies                                     10     1   2  2  

PowerPlay Forward 
   Center                   Left Wing                Right Wing               Time % Phy DF OF 
 1 Andrew Poturalski        Mikhail Grigorenko       Hudson Fasching          60     1   2  2  
 2 Dillon Dube              Nils Hoglander           Nikita Scherbak          40     1   2  2  

PowerPlay Defense
   Defense                  Defense                                           Time % Phy DF OF 
 1 Julius Honka             Jeremy Davies                                     60     1   2  2  
 2 Calle Andersson          Zach Whitecloud                                   40     1   2  2  

Penalty Kill 4 Players Forward 
   Center                   Wing                     Time % Phy DF OF 
 1 Mikhail Grigorenko       Hudson Fasching          60     1   2  2  
 2 Andrew Poturalski        Dillon Dube              40     1   2  2  

Penalty Kill 4 Players Defense
   Defense                  Defense                  Time % Phy DF OF 
 1 Julius Honka             Jeremy Davies            60     1   2  2  
 2 Calle Andersson          Zach Whitecloud          40     1   2  2  

Penalty Kill - 3 Players Forward 
   Forward                                           Time % Phy DF OF 
 1 Mikhail Grigorenko                                60     1   2  2  
 2 Hudson Fasching                                   40     1   2  2  

Penalty Kill - 3 Players Defense
   Defense                  Defense                  Time % Phy DF OF 
 1 Julius Honka             Jeremy Davies            60     1   2  2  
 2 Calle Andersson          Zach Whitecloud          40     1   2  2  

4 vs 4 Forward 
   Center                   Wing                     Time % Phy DF OF 
 1 Mikhail Grigorenko       Hudson Fasching          60     1   2  2  
 2 Andrew Poturalski        Dillon Dube              40     1   2  2  

4 vs 4 Defense
   Defense                  Defense                  Time % Phy DF OF 
 1 Julius Honka             Jeremy Davies            60     1   2  2  
 2 Calle Andersson          Zach Whitecloud          40     1   2  2  

Last Minutes Offensive
   Center                   Left Wing                Right Wing               Defense                  Defense                  
   Andrew Poturalski        Mikhail Grigorenko       Hudson Fasching          Julius Honka             Jeremy Davies            

Last Minutes Defensive
   Center                   Left Wing                Right Wing               Defense                  Defense                  
   Andrew Poturalski        Mikhail Grigorenko       Hudson Fasching          Julius Honka             Jeremy Davies            

Goaltenders
Starting : Mackenzie Blackwood      
Backup : Oscar Dansk              

Extra Forwards
Normal : Clark Bishop, Antoine Morand, Jackson Cates - PP : Clark Bishop, Antoine Morand - PK : Jackson Cates
Extra Defensemen
Normal : Declan Chisholm, Nikita Okhotyuk, Calle Andersson - PP : Declan Chisholm - PK : Nikita Okhotyuk, Calle Andersson
Penalty Shots
Mikhail Grigorenko, Hudson Fasching, Andrew Poturalski, Dillon Dube, Nikita Scherbak
Custom OT Lines Forwards
Mikhail Grigorenko, Hudson Fasching, Andrew Poturalski, Dillon Dube, Nikita Scherbak, Ben Johnson, Nils Hoglander, Maxim Letunov, Clark Bishop, Ross Johnston
Custom OT Lines Defensemen
Julius Honka, Jeremy Davies, Calle Andersson, Zach Whitecloud, Declan Chisholm

Scratches
Patrick Sieloff (Right Hip Injury), Petr Kvaca (Healthy)

Wolfpack

5 vs 5 Forward 
   Center                   Left Wing                Right Wing               Time % Phy DF OF 
 1 Nolan Patrick            Dryden Hunt              Sebastian Collberg       40     1   2  2  
 2 Alex Barre-Boulet        Alexander Barabanov      Owen Tippet              30     1   2  2  
 3 Jake Marchment           Yegor Korshkov           Linus Sandin             20     1   2  2  
 4 Shane Pinto              Jeffrey Viel             Andrei Altybarmakyan     10     1   2  2  

5 vs 5 Defense 
   Defense                  Defense                                           Time % Phy DF OF 
 1 Derrick Pouliot          Colton White                                      40     1   2  2  
 2 Ryan Culkin              K'Andre Miller                                    30     1   2  2  
 3 Cale Fleury              Joshua Jacobs                                     20     1   2  2  
 4 Derrick Pouliot          Colton White                                      10     1   2  2  

PowerPlay Forward 
   Center                   Left Wing                Right Wing               Time % Phy DF OF 
 1 Nolan Patrick            Dryden Hunt              Sebastian Collberg       60     1   2  2  
 2 Alex Barre-Boulet        Alexander Barabanov      Owen Tippet              40     1   2  2  

PowerPlay Defense
   Defense                  Defense                                           Time % Phy DF OF 
 1 Derrick Pouliot          Colton White                                      60     1   2  2  
 2 Ryan Culkin              K'Andre Miller                                    40     1   2  2  

Penalty Kill 4 Players Forward 
   Center                   Wing                     Time % Phy DF OF 
 1 Nolan Patrick            Dryden Hunt              60     1   2  2  
 2 Alex Barre-Boulet        Alexander Barabanov      40     1   2  2  

Penalty Kill 4 Players Defense
   Defense                  Defense                  Time % Phy DF OF 
 1 Derrick Pouliot          Colton White             60     1   2  2  
 2 Ryan Culkin              K'Andre Miller           40     1   2  2  

Penalty Kill - 3 Players Forward 
   Forward                                           Time % Phy DF OF 
 1 Nolan Patrick                                     60     1   2  2  
 2 Alex Barre-Boulet                                 40     1   2  2  

Penalty Kill - 3 Players Defense
   Defense                  Defense                  Time % Phy DF OF 
 1 Derrick Pouliot          Colton White             60     1   2  2  
 2 Ryan Culkin              K'Andre Miller           40     1   2  2  

4 vs 4 Forward 
   Center                   Wing                     Time % Phy DF OF 
 1 Nolan Patrick            Dryden Hunt              60     1   2  2  
 2 Alex Barre-Boulet        Alexander Barabanov      40     1   2  2  

4 vs 4 Defense
   Defense                  Defense                  Time % Phy DF OF 
 1 Derrick Pouliot          Colton White             60     1   2  2  
 2 Ryan Culkin              K'Andre Miller           40     1   2  2  

Last Minutes Offensive
   Center                   Left Wing                Right Wing               Defense                  Defense                  
   Nolan Patrick            Dryden Hunt              Sebastian Collberg       Derrick Pouliot          Colton White             

Last Minutes Defensive
   Center                   Left Wing                Right Wing               Defense                  Defense                  
   Nolan Patrick            Dryden Hunt              Sebastian Collberg       Derrick Pouliot          Colton White             

Goaltenders
Starting : Samuel Ersson            
Backup : Charlie Lindgren         

Extra Forwards
Normal : Alexander Barabanov, Alex Barre-Boulet, Jake Marchment - PP : Alexander Barabanov, Alex Barre-Boulet - PK : Alexander Barabanov
Extra Defensemen
Normal : K'Andre Miller, Cale Fleury, Joshua Jacobs - PP : K'Andre Miller - PK : K'Andre Miller, Cale Fleury
Penalty Shots
Sebastian Collberg, Nolan Patrick, Owen Tippet, Dryden Hunt, Alexander Barabanov
Custom OT Lines Forwards
Sebastian Collberg, Nolan Patrick, Owen Tippet, Dryden Hunt, Alexander Barabanov, Alex Barre-Boulet, Jake Marchment, Linus Sandin, Andrei Altybarmakyan, Yegor Korshkov
Custom OT Lines Defensemen
Derrick Pouliot, Colton White, Ryan Culkin, K'Andre Miller, Cale Fleury

Scratches
Ryan Poehling (Healthy), Mason Shaw (Healthy), Ben Jones (Healthy), Samuel Houde (Healthy), Dylan Samberg (Healthy)
Mikhail Vorobyev (Healthy), Andrew Peeke (Healthy), Dante Fabbro (Healthy), Alexander Volkov (Healthy), Jack Drury (Healthy)
Jakub Lauko (Healthy), Martin Kaut (Healthy), Mathias Laferriere (Healthy), Maxwell Crozier (Healthy), Will Francis (Healthy)
Dustin Wolf (Healthy)

% Time on Ice - Icehogs

Lines # - Real PCT - Wanted PCT - Time Play
Normal Forward
1 - 36% - 40% - 18:08
2 - 29% - 30% - 14:38
3 - 20% - 20% - 10:14
4 - 15% - 10% - 7:18
Normal Defense
1 - 40% - 40% - 20:11
2 - 32% - 30% - 16:06
3 - 23% - 20% - 11:23
4 - 5% - 10% - 2:38
PP Forward
1 - 55% - 60% - 3:18
2 - 45% - 40% - 2:39
PP Defense
1 - 57% - 60% - 3:23
2 - 43% - 40% - 2:34
PK Forward
1 - 86% - 60% - 3:14
2 - 14% - 40% - 0:31
PK Defense
1 - 60% - 60% - 2:16
2 - 40% - 40% - 1:29
PK3 Forward
1 - 0% - 60%
2 - 0% - 40%
PK3 Defense
1 - 0% - 60%
2 - 0% - 40%
44 Forward
1 - 0% - 60%
2 - 0% - 40%
44 Defense
1 - 0% - 60%
2 - 0% - 40%
Last Minute Offensive  - 0:00
Last Minute Defensive  - 0:00
Total
Forward - 60:00
Defense - 60:00

% Time on Ice - Wolfpack

Lines # - Real PCT - Wanted PCT - Time Play
Normal Forward
1 - 37% - 40% - 18:43
2 - 29% - 30% - 14:38
3 - 21% - 20% - 10:44
4 - 12% - 10% - 6:13
Normal Defense
1 - 41% - 40% - 20:28
2 - 32% - 30% - 16:14
3 - 20% - 20% - 10:03
4 - 7% - 10% - 3:33
PP Forward
1 - 52% - 60% - 1:57
2 - 48% - 40% - 1:48
PP Defense
1 - 57% - 60% - 2:08
2 - 43% - 40% - 1:37
PK Forward
1 - 58% - 60% - 3:26
2 - 42% - 40% - 2:31
PK Defense
1 - 62% - 60% - 3:40
2 - 38% - 40% - 2:17
PK3 Forward
1 - 0% - 60%
2 - 0% - 40%
PK3 Defense
1 - 0% - 60%
2 - 0% - 40%
44 Forward
1 - 0% - 60%
2 - 0% - 40%
44 Defense
1 - 0% - 60%
2 - 0% - 40%
Last Minute Offensive  - 0:00
Last Minute Defensive  - 0:00
Total
Forward - 60:00
Defense - 60:00

Play-by-Play

1st period


0:01 of 1st period - Andrew Poturalski wins face-off versus Nolan Patrick in neutral zone.
0:12 of 1st period - Backhand shot by Mikhail Grigorenko.
0:12 of 1st period - Stopped by Samuel Ersson with a rebound.
0:23 of 1st period - Icing by Sebastian Collberg.
0:24 of 1st period - Alex Barre-Boulet wins face-off versus Dillon Dube in Wolfpack zone.
0:31 of 1st period - Wrist shot by Alexander Barabanov.
0:31 of 1st period - Shot Misses the Net.
0:39 of 1st period - Slapshot by Dillon Dube.
0:39 of 1st period - Shot Blocked by Colton White.
0:49 of 1st period - Derrick Pouliot is hit by Ross Johnston and loses puck.
0:56 of 1st period - Ben Johnson is hit by K'Andre Miller and loses puck.
1:35 of 1st period - Snap shot by Sebastian Collberg.
1:35 of 1st period - Shot Misses the Net.
1:41 of 1st period - Sebastian Collberg is hit by Nikita Okhotyuk and loses puck.
2:11 of 1st period - Slapshot by Ryan Culkin.
2:11 of 1st period - Stopped by Mackenzie Blackwood with a rebound.
2:13 of 1st period - Slapshot by Ryan Culkin.
2:13 of 1st period - Stopped by Mackenzie Blackwood with a rebound.
2:59 of 1st period - Nolan Patrick is hit by Mitchell Chaffee.
3:21 of 1st period - Slapshot by Alexander Barabanov.
3:21 of 1st period - Stopped by Mackenzie Blackwood with a rebound.
3:33 of 1st period - Snap shot by Linus Sandin.
3:33 of 1st period - Stopped by Mackenzie Blackwood without a rebound.
3:34 of 1st period - Ben Johnson wins face-off versus Jake Marchment in Icehogs zone.
4:01 of 1st period - Wrist shot by Mikhail Grigorenko.
4:01 of 1st period - Shot Misses the Net.
4:04 of 1st period - Icing by Sebastian Collberg.
4:05 of 1st period - Nolan Patrick wins face-off versus Andrew Poturalski in Wolfpack zone.
4:05 of 1st period - Nolan Patrick is hit by Hudson Fasching.
4:11 of 1st period - Wrist shot by Sebastian Collberg.
4:11 of 1st period - Shot Blocked by Calle Andersson.
4:35 of 1st period - Wrist shot by Nolan Patrick.
4:35 of 1st period - Stopped by Mackenzie Blackwood without a rebound.
4:36 of 1st period - Alex Barre-Boulet wins face-off versus Andrew Poturalski in Icehogs zone.
5:26 of 1st period - Nikita Okhotyuk is hit by Sebastian Collberg and loses puck.
5:52 of 1st period - Mitchell Chaffee is hit by Jeffrey Viel and loses puck.
6:22 of 1st period - Minor Penalty to Alexander Barabanov for Hooking.
6:23 of 1st period - Nolan Patrick wins face-off versus Andrew Poturalski in Wolfpack zone.
6:50 of 1st period - Nolan Patrick is hit by Nikita Scherbak and loses puck.
8:05 of 1st period - Icing by Julius Honka.
8:06 of 1st period - Alex Barre-Boulet wins face-off versus Andrew Poturalski in Icehogs zone.
8:22 of 1st period - Penalty to Alexander Barabanov is over, Alexander Barabanov is back on ice.
8:31 of 1st period - Wrist shot by Alexander Barabanov.
8:31 of 1st period - Stopped by Mackenzie Blackwood with a rebound.
8:35 of 1st period - Snap shot by Linus Sandin.
8:35 of 1st period - Stopped by Mackenzie Blackwood without a rebound.
8:36 of 1st period - Jake Marchment wins face-off versus Ben Johnson in Icehogs zone.
8:45 of 1st period - Calle Andersson is hit by Yegor Korshkov and loses puck.
8:52 of 1st period - Snap shot by Yegor Korshkov.
8:52 of 1st period - Stopped by Mackenzie Blackwood with a rebound.
9:00 of 1st period - Wrist shot by Yegor Korshkov.
9:00 of 1st period - Stopped by Mackenzie Blackwood with a rebound.
9:04 of 1st period - Snap shot by Yegor Korshkov.
9:04 of 1st period - Shot Misses the Net.
9:06 of 1st period - Snap shot by Cale Fleury.
9:06 of 1st period - Stopped by Mackenzie Blackwood without a rebound.
9:07 of 1st period - Andrew Poturalski wins face-off versus Nolan Patrick in Icehogs zone.
10:14 of 1st period - K'Andre Miller is hit by Ross Johnston.
10:25 of 1st period - Off-side.
10:26 of 1st period - Andrew Poturalski wins face-off versus Nolan Patrick in neutral zone.
10:33 of 1st period - Wrist shot by Mikhail Grigorenko.
10:33 of 1st period - Shot Misses the Net.
10:35 of 1st period - Wrist shot by Andrew Poturalski.
10:35 of 1st period - Stopped by Samuel Ersson with a rebound.
10:37 of 1st period - Wrist shot by Andrew Poturalski.
10:37 of 1st period - Shot Misses the Net.
10:41 of 1st period - Snap shot by Hudson Fasching.
10:41 of 1st period - Stopped by Samuel Ersson with a rebound.
10:47 of 1st period - Minor Penalty to Derrick Pouliot for Tripping.
10:48 of 1st period - Nolan Patrick wins face-off versus Andrew Poturalski in Wolfpack zone.
11:21 of 1st period - Snap shot by Dillon Dube.
11:21 of 1st period - Stopped by Samuel Ersson with a rebound.
11:23 of 1st period - Wrist shot by Nikita Scherbak.
11:23 of 1st period - Stopped by Samuel Ersson with a rebound.
11:51 of 1st period - Snap shot by Dryden Hunt.
11:51 of 1st period - Stopped by Mackenzie Blackwood without a rebound.
11:52 of 1st period - Dillon Dube wins face-off versus Alex Barre-Boulet in Icehogs zone.
12:03 of 1st period - Nikita Scherbak is hit by Alexander Barabanov and loses puck.
12:18 of 1st period - Snap shot by Hudson Fasching.
12:18 of 1st period - Shot Misses the Net.
12:20 of 1st period - Snap shot by Andrew Poturalski.
12:20 of 1st period - Stopped by Samuel Ersson with a rebound.
12:22 of 1st period - Snap shot by Hudson Fasching.
12:22 of 1st period - Deflect By Mikhail Grigorenko.
12:22 of 1st period - Shot Blocked by Nolan Patrick.
12:22 of 1st period - Puck is out of play.
12:23 of 1st period - Andrew Poturalski wins face-off versus Nolan Patrick in Wolfpack zone.
12:26 of 1st period - Wrist shot by Mikhail Grigorenko.
12:26 of 1st period - Stopped by Samuel Ersson with a rebound.
12:47 of 1st period - Penalty to Derrick Pouliot is over, Derrick Pouliot is back on ice.
12:52 of 1st period - Colton White is hit by Andrew Poturalski and loses puck.
13:29 of 1st period - Slapshot by Andrew Poturalski.
13:29 of 1st period - Shot Blocked by Nolan Patrick.
13:39 of 1st period - Wrist shot by Mikhail Grigorenko.
13:39 of 1st period - Stopped by Samuel Ersson without a rebound.
13:40 of 1st period - Alex Barre-Boulet wins face-off versus Dillon Dube in Wolfpack zone.
13:40 of 1st period - Alex Barre-Boulet is hit by Nils Hoglander.
14:02 of 1st period - Minor Penalty to Alexander Barabanov for Tripping.
14:03 of 1st period - Alex Barre-Boulet wins face-off versus Dillon Dube in Wolfpack zone.
14:24 of 1st period - Dryden Hunt is hit by Nils Hoglander.
14:54 of 1st period - Hudson Fasching is hit by Nolan Patrick and loses puck.
15:43 of 1st period - Slapshot by Hudson Fasching.
15:43 of 1st period - Stopped by Samuel Ersson without a rebound.
15:44 of 1st period - Nolan Patrick wins face-off versus Dillon Dube in Wolfpack zone.
15:53 of 1st period - Dryden Hunt is hit by Dillon Dube.
16:02 of 1st period - Penalty to Alexander Barabanov is over, Alexander Barabanov is back on ice.
16:38 of 1st period - Off-side.
16:39 of 1st period - Nolan Patrick wins face-off versus Dillon Dube in neutral zone.
16:44 of 1st period - Slapshot by Nolan Patrick.
16:44 of 1st period - Shot Misses the Net.
17:11 of 1st period - Wrist shot by Alex Barre-Boulet.
17:11 of 1st period - Shot Misses the Net.
17:23 of 1st period - Slapshot by Jake Marchment.
17:23 of 1st period - Stopped by Mackenzie Blackwood with a rebound.
17:25 of 1st period - Snap shot by Linus Sandin.
17:25 of 1st period - Shot Misses the Net.
17:27 of 1st period - Snap shot by Linus Sandin.
17:27 of 1st period - Shot Misses the Net.
17:39 of 1st period - Wrist shot by Maxim Letunov.
17:39 of 1st period - Stopped by Samuel Ersson without a rebound.
17:40 of 1st period - Shane Pinto wins face-off versus Dillon Dube in Wolfpack zone.
18:22 of 1st period - Snap shot by Owen Tippet.
18:22 of 1st period - Stopped by Mackenzie Blackwood with a rebound.
18:24 of 1st period - Slapshot by Derrick Pouliot.
18:24 of 1st period - Deflect By Owen Tippet.
18:24 of 1st period - Goal by Owen Tippet - Icehogs : 0 - Wolfpack : 1.
18:25 of 1st period - Andrew Poturalski wins face-off versus Nolan Patrick in neutral zone.
18:30 of 1st period - Sebastian Collberg is hit by Andrew Poturalski and loses puck.
18:47 of 1st period - Icing by K'Andre Miller.
18:48 of 1st period - Ben Johnson wins face-off versus Nolan Patrick in Wolfpack zone.
18:51 of 1st period - Slapshot by Nikita Scherbak.
18:51 of 1st period - Stopped by Samuel Ersson without a rebound.
18:52 of 1st period - Alex Barre-Boulet wins face-off versus Nikita Scherbak in Wolfpack zone.
Goals for this period are 0 for Icehogs vs 1 for Wolfpack.
Shots for this period are 11 for Icehogs vs 14 for Wolfpack.

2nd period


0:01 of 2nd period - Andrew Poturalski wins face-off versus Alex Barre-Boulet in neutral zone.
1:21 of 2nd period - Cale Fleury is hit by Calle Andersson and loses puck.
1:49 of 2nd period - Icing by Owen Tippet.
1:50 of 2nd period - Dillon Dube wins face-off versus Nolan Patrick in Wolfpack zone.
1:53 of 2nd period - Snap shot by Nikita Scherbak.
1:53 of 2nd period - Shot Misses the Net.
2:13 of 2nd period - Icing by Nolan Patrick.
2:14 of 2nd period - Andrew Poturalski wins face-off versus Alex Barre-Boulet in Wolfpack zone.
2:45 of 2nd period - Wrist shot by Dillon Dube.
2:45 of 2nd period - Shot Misses the Net.
2:59 of 2nd period - Slapshot by Maxim Letunov.
2:59 of 2nd period - Stopped by Samuel Ersson with a rebound.
3:05 of 2nd period - Snap shot by Nolan Patrick.
3:05 of 2nd period - Deflect By Dryden Hunt.
3:05 of 2nd period - Shot Misses the Net.
3:05 of 2nd period - Puck is out of play.
3:06 of 2nd period - Maxim Letunov wins face-off versus Alex Barre-Boulet in Icehogs zone.
3:13 of 2nd period - Snap shot by Maxim Letunov.
3:13 of 2nd period - Stopped by Samuel Ersson without a rebound.
3:14 of 2nd period - Andrew Poturalski wins face-off versus Alex Barre-Boulet in Wolfpack zone.
3:17 of 2nd period - Wrist shot by Mikhail Grigorenko.
3:17 of 2nd period - Deflect By Hudson Fasching.
3:17 of 2nd period - Shot Misses the Net.
3:17 of 2nd period - Puck is out of play.
3:18 of 2nd period - Nolan Patrick wins face-off versus Andrew Poturalski in Wolfpack zone.
3:22 of 2nd period - Off-side.
3:23 of 2nd period - Andrew Poturalski wins face-off versus Nolan Patrick in neutral zone.
3:35 of 2nd period - Sebastian Collberg is hit by Jeremy Davies and loses puck.
3:48 of 2nd period - Wrist shot by Hudson Fasching.
3:48 of 2nd period - Shot Blocked by Owen Tippet.
3:50 of 2nd period - Wrist shot by Hudson Fasching.
3:50 of 2nd period - Stopped by Samuel Ersson without a rebound.
3:51 of 2nd period - Alex Barre-Boulet wins face-off versus Dillon Dube in Wolfpack zone.
3:51 of 2nd period - Alex Barre-Boulet is hit by Dillon Dube.
4:03 of 2nd period - Off-side.
4:04 of 2nd period - Andrew Poturalski wins face-off versus Nolan Patrick in neutral zone.
4:07 of 2nd period - Dryden Hunt is hit by Andrew Poturalski and loses puck.
4:30 of 2nd period - Jeremy Davies is hit by Alex Barre-Boulet and loses puck.
4:37 of 2nd period - Wrist shot by Dillon Dube.
4:37 of 2nd period - Shot Blocked by Derrick Pouliot.
5:02 of 2nd period - Wrist shot by Mitchell Chaffee.
5:02 of 2nd period - Stopped by Samuel Ersson without a rebound.
5:03 of 2nd period - Nolan Patrick wins face-off versus Andrew Poturalski in Wolfpack zone.
5:03 of 2nd period - Nolan Patrick is hit by Julius Honka.
5:55 of 2nd period - Snap shot by Andrei Altybarmakyan.
5:55 of 2nd period - Shot Misses the Net.
6:01 of 2nd period - Slapshot by Andrei Altybarmakyan.
6:01 of 2nd period - Shot Blocked by Zach Whitecloud.
6:15 of 2nd period - Wrist shot by Mitchell Chaffee.
6:15 of 2nd period - Deflect By Maxim Letunov.
6:15 of 2nd period - Shot Misses the Net.
6:15 of 2nd period - Puck is out of play.
6:16 of 2nd period - Nolan Patrick wins face-off versus Maxim Letunov in Wolfpack zone.
6:21 of 2nd period - Jeremy Davies is hit by Dryden Hunt and loses puck.
6:30 of 2nd period - Sebastian Collberg is hit by Jeremy Davies and loses puck.
6:47 of 2nd period - Slapshot by Jeremy Davies.
6:47 of 2nd period - Stopped by Samuel Ersson with a rebound.
6:49 of 2nd period - Snap shot by Andrew Poturalski.
6:49 of 2nd period - Goal by Andrew Poturalski - Icehogs : 1 - Wolfpack : 1.
6:50 of 2nd period - Andrew Poturalski wins face-off versus Sebastian Collberg in neutral zone.
7:05 of 2nd period - Wrist shot by Andrew Poturalski.
7:05 of 2nd period - Shot Misses the Net.
7:37 of 2nd period - Icing by Julius Honka.
7:38 of 2nd period - Jake Marchment wins face-off versus Ben Johnson in Icehogs zone.
7:45 of 2nd period - Wrist shot by Linus Sandin.
7:45 of 2nd period - Shot Misses the Net.
7:49 of 2nd period - Snap shot by Jake Marchment.
7:49 of 2nd period - Stopped by Mackenzie Blackwood without a rebound.
7:50 of 2nd period - Nolan Patrick wins face-off versus Andrew Poturalski in Icehogs zone.
8:38 of 2nd period - JJ. Piccinich is hit by Ryan Culkin and loses puck.
8:43 of 2nd period - Snap shot by Jake Marchment.
8:43 of 2nd period - Stopped by Mackenzie Blackwood with a rebound.
8:45 of 2nd period - Snap shot by Jake Marchment.
8:45 of 2nd period - Deflect By Ben Johnson.
8:45 of 2nd period - Shot Blocked by Nikita Okhotyuk.
8:45 of 2nd period - Puck is out of play.
8:46 of 2nd period - Nolan Patrick wins face-off versus Andrew Poturalski in Icehogs zone.
8:49 of 2nd period - Wrist shot by Nolan Patrick.
8:49 of 2nd period - Shot Misses the Net.
8:51 of 2nd period - Wrist shot by Dryden Hunt.
8:51 of 2nd period - Shot Blocked by Andrew Poturalski.
9:36 of 2nd period - Declan Chisholm is hit by Linus Sandin and loses puck.
9:41 of 2nd period - Snap shot by Linus Sandin.
9:41 of 2nd period - Shot Misses the Net.
9:43 of 2nd period - Wrist shot by Ryan Culkin.
9:43 of 2nd period - Stopped by Mackenzie Blackwood without a rebound.
9:44 of 2nd period - Sebastian Collberg wins face-off versus Andrew Poturalski in Icehogs zone.
9:49 of 2nd period - Backhand shot by Sebastian Collberg.
9:49 of 2nd period - Stopped by Mackenzie Blackwood without a rebound.
9:50 of 2nd period - Nolan Patrick wins face-off versus Andrew Poturalski in Icehogs zone.
9:51 of 2nd period - Wrist shot by Sebastian Collberg.
9:51 of 2nd period - Shot Misses the Net.
9:53 of 2nd period - Slapshot by Colton White.
9:53 of 2nd period - Shot Misses the Net.
9:55 of 2nd period - Slapshot by Colton White.
9:55 of 2nd period - Deflect By Sebastian Collberg.
9:55 of 2nd period - Stopped by Mackenzie Blackwood with a rebound.
9:57 of 2nd period - Snap shot by Derrick Pouliot.
9:57 of 2nd period - Stopped by Mackenzie Blackwood without a rebound.
9:58 of 2nd period - Andrew Poturalski wins face-off versus Nolan Patrick in Icehogs zone.
10:05 of 2nd period - Snap shot by Hudson Fasching.
10:05 of 2nd period - Stopped by Samuel Ersson with a rebound.
10:59 of 2nd period - Slapshot by Ben Johnson.
10:59 of 2nd period - Stopped by Samuel Ersson with a rebound.
11:01 of 2nd period - Wrist shot by Julius Honka.
11:01 of 2nd period - Stopped by Samuel Ersson without a rebound.
11:02 of 2nd period - Andrew Poturalski wins face-off versus Nolan Patrick in Wolfpack zone.
11:27 of 2nd period - Alex Barre-Boulet is hit by Calle Andersson and loses puck.
11:36 of 2nd period - Snap shot by Nikita Scherbak.
11:36 of 2nd period - Stopped by Samuel Ersson with a rebound.
11:52 of 2nd period - Slapshot by JJ. Piccinich.
11:52 of 2nd period - Deflect By Linus Sandin.
11:52 of 2nd period - Stopped by Samuel Ersson with a rebound.
11:54 of 2nd period - Slapshot by Calle Andersson.
11:54 of 2nd period - Deflect By JJ. Piccinich.
11:54 of 2nd period - Stopped by Samuel Ersson without a rebound.
11:55 of 2nd period - Nolan Patrick wins face-off versus Andrew Poturalski in Wolfpack zone.
12:08 of 2nd period - Wrist shot by Sebastian Collberg.
12:08 of 2nd period - Stopped by Mackenzie Blackwood without a rebound.
12:09 of 2nd period - Andrew Poturalski wins face-off versus Alex Barre-Boulet in Icehogs zone.
12:09 of 2nd period - Andrew Poturalski is hit by Alex Barre-Boulet.
12:12 of 2nd period - Minor Penalty to Hudson Fasching for Delaying the game.
12:13 of 2nd period - Mikhail Grigorenko wins face-off versus Nolan Patrick in Icehogs zone.
13:28 of 2nd period - Mikhail Grigorenko is hit by Alexander Barabanov and loses puck.
14:12 of 2nd period - Penalty to Hudson Fasching is over, Hudson Fasching is back on ice.
14:18 of 2nd period - Slapshot by Jeremy Davies.
14:18 of 2nd period - Shot Misses the Net.
14:40 of 2nd period - Snap shot by Gabriel Fortier.
14:40 of 2nd period - Stopped by Samuel Ersson with a rebound.
14:51 of 2nd period - Gabriel Fortier is hit by Derrick Pouliot.
15:05 of 2nd period - Slapshot by Hudson Fasching.
15:05 of 2nd period - Stopped by Samuel Ersson with a rebound.
15:34 of 2nd period - Jeffrey Viel is hit by Ross Johnston.
15:38 of 2nd period - Cale Fleury is hit by Ben Johnson and loses puck.
15:51 of 2nd period - Andrew Poturalski is hit by Linus Sandin and loses puck.
15:56 of 2nd period - Wrist shot by Yegor Korshkov.
15:56 of 2nd period - Deflect By Linus Sandin.
15:56 of 2nd period - Goal by Linus Sandin - Icehogs : 1 - Wolfpack : 2.
15:57 of 2nd period - Andrew Poturalski wins face-off versus Nolan Patrick in neutral zone.
16:03 of 2nd period - Icing by Ryan Culkin.
16:04 of 2nd period - Andrew Poturalski wins face-off versus Sebastian Collberg in Wolfpack zone.
17:20 of 2nd period - Wrist shot by Mitchell Chaffee.
17:20 of 2nd period - Shot Misses the Net.
17:22 of 2nd period - Slapshot by Jeremy Davies.
17:22 of 2nd period - Stopped by Samuel Ersson with a rebound.
17:43 of 2nd period - Wrist shot by Nolan Patrick.
17:43 of 2nd period - Shot Misses the Net.
17:53 of 2nd period - Cale Fleury is hit by Nils Hoglander and loses puck.
18:02 of 2nd period - Snap shot by Alexander Barabanov.
18:02 of 2nd period - Stopped by Mackenzie Blackwood with a rebound.
18:54 of 2nd period - Andrei Altybarmakyan is hit by Andrew Poturalski and loses puck.
18:59 of 2nd period - Wrist shot by Mikhail Grigorenko.
18:59 of 2nd period - Stopped by Samuel Ersson with a rebound.
19:03 of 2nd period - Wrist shot by Mikhail Grigorenko.
19:03 of 2nd period - Stopped by Samuel Ersson without a rebound.
19:04 of 2nd period - Nolan Patrick wins face-off versus Dillon Dube in Wolfpack zone.
19:04 of 2nd period - Nolan Patrick is hit by Dillon Dube.
19:18 of 2nd period - Wrist shot by Nikita Scherbak.
19:18 of 2nd period - Stopped by Samuel Ersson with a rebound.
19:24 of 2nd period - Nils Hoglander is hit by Sebastian Collberg and loses puck.
19:35 of 2nd period - Cale Fleury is hit by Hudson Fasching and loses puck.
Goals for this period are 1 for Icehogs vs 1 for Wolfpack.
Shots for this period are 18 for Icehogs vs 9 for Wolfpack.

3rd period


0:01 of 3rd period - Andrew Poturalski wins face-off versus Nolan Patrick in neutral zone.
0:48 of 3rd period - Slapshot by Derrick Pouliot.
0:48 of 3rd period - Deflect By Linus Sandin.
0:48 of 3rd period - Shot Misses the Net.
0:48 of 3rd period - Puck is out of play.
0:49 of 3rd period - Jake Marchment wins face-off versus Ben Johnson in Icehogs zone.
0:52 of 3rd period - Wrist shot by Linus Sandin.
0:52 of 3rd period - Stopped by Mackenzie Blackwood without a rebound.
0:53 of 3rd period - Jake Marchment wins face-off versus Andrew Poturalski in Icehogs zone.
1:39 of 3rd period - Ben Johnson is hit by Dryden Hunt and loses puck.
2:06 of 3rd period - Wrist shot by Mikhail Grigorenko.
2:06 of 3rd period - Shot Blocked by Joshua Jacobs.
2:08 of 3rd period - Slapshot by Julius Honka.
2:08 of 3rd period - Deflect By Joshua Jacobs.
2:08 of 3rd period - Stopped by Samuel Ersson without a rebound.
2:09 of 3rd period - Andrew Poturalski wins face-off versus Nolan Patrick in Wolfpack zone.
2:25 of 3rd period - Off-side.
2:26 of 3rd period - Alex Barre-Boulet wins face-off versus Dillon Dube in neutral zone.
2:33 of 3rd period - Wrist shot by Nikita Scherbak.
2:33 of 3rd period - Stopped by Samuel Ersson with a rebound.
2:35 of 3rd period - Snap shot by Nikita Scherbak.
2:35 of 3rd period - Shot Misses the Net.
2:37 of 3rd period - Slapshot by Jeremy Davies.
2:37 of 3rd period - Stopped by Samuel Ersson without a rebound.
2:38 of 3rd period - Nolan Patrick wins face-off versus Andrew Poturalski in Wolfpack zone.
2:47 of 3rd period - Snap shot by Mikhail Grigorenko.
2:47 of 3rd period - Deflect By Andrew Poturalski.
2:47 of 3rd period - Shot Blocked by Sebastian Collberg.
2:47 of 3rd period - Puck is out of play.
2:48 of 3rd period - Andrew Poturalski wins face-off versus Nolan Patrick in Wolfpack zone.
3:01 of 3rd period - Wrist shot by Mikhail Grigorenko.
3:01 of 3rd period - Goal by Mikhail Grigorenko - Icehogs : 2 - Wolfpack : 2.
3:02 of 3rd period - Nolan Patrick wins face-off versus Andrew Poturalski in neutral zone.
3:27 of 3rd period - Owen Tippet is hit by Nikita Scherbak.
4:04 of 3rd period - Minor Penalty to Calle Andersson for Elbowing.
4:05 of 3rd period - Mikhail Grigorenko wins face-off versus Nolan Patrick in Icehogs zone.
4:05 of 3rd period - Mikhail Grigorenko is hit by Sebastian Collberg.
4:16 of 3rd period - Snap shot by Dryden Hunt.
4:16 of 3rd period - Goal by Dryden Hunt - Icehogs : 2 - Wolfpack : 3.
4:17 of 3rd period - Andrew Poturalski wins face-off versus Nolan Patrick in neutral zone.
4:22 of 3rd period - Wrist shot by Jeremy Davies.
4:22 of 3rd period - Shot Blocked by Dryden Hunt.
4:24 of 3rd period - Wrist shot by Andrew Poturalski.
4:24 of 3rd period - Stopped by Samuel Ersson without a rebound.
4:25 of 3rd period - Nolan Patrick wins face-off versus Andrew Poturalski in Wolfpack zone.
4:54 of 3rd period - Wrist shot by Alexander Barabanov.
4:54 of 3rd period - Stopped by Mackenzie Blackwood with a rebound.
4:56 of 3rd period - Wrist shot by Alexander Barabanov.
4:56 of 3rd period - Deflect By Jeremy Davies.
4:56 of 3rd period - Shot Blocked by Dillon Dube.
4:56 of 3rd period - Puck is out of play.
4:57 of 3rd period - Alex Barre-Boulet wins face-off versus Andrew Poturalski in Icehogs zone.
5:04 of 3rd period - Wrist shot by Alexander Barabanov.
5:04 of 3rd period - Shot Blocked by Calle Andersson.
5:06 of 3rd period - Slapshot by Ryan Culkin.
5:06 of 3rd period - Stopped by Mackenzie Blackwood with a rebound.
5:08 of 3rd period - Snap shot by Owen Tippet.
5:08 of 3rd period - Stopped by Mackenzie Blackwood with a rebound.
5:10 of 3rd period - Wrist shot by Owen Tippet.
5:10 of 3rd period - Shot Misses the Net.
5:14 of 3rd period - Backhand shot by Owen Tippet.
5:14 of 3rd period - Shot Misses the Net.
5:16 of 3rd period - Snap shot by Alex Barre-Boulet.
5:16 of 3rd period - Stopped by Mackenzie Blackwood with a rebound.
5:18 of 3rd period - Snap shot by Alexander Barabanov.
5:18 of 3rd period - Shot Blocked by Zach Whitecloud.
5:30 of 3rd period - Snap shot by Alex Barre-Boulet.
5:30 of 3rd period - Goal by Alex Barre-Boulet - Icehogs : 2 - Wolfpack : 4.
5:31 of 3rd period - Dillon Dube wins face-off versus Nolan Patrick in neutral zone.
5:36 of 3rd period - Snap shot by Nikita Scherbak.
5:36 of 3rd period - Shot Blocked by Colton White.
5:42 of 3rd period - Nikita Scherbak is hit by Nolan Patrick.
5:46 of 3rd period - Wrist shot by Nolan Patrick.
5:46 of 3rd period - Shot Misses the Net.
5:56 of 3rd period - Derrick Pouliot is hit by Julius Honka and loses puck.
6:40 of 3rd period - Slapshot by Gabriel Fortier.
6:40 of 3rd period - Stopped by Samuel Ersson without a rebound.
6:41 of 3rd period - Jake Marchment wins face-off versus Maxim Letunov in Wolfpack zone.
7:03 of 3rd period - Icing by Calle Andersson.
7:04 of 3rd period - Andrew Poturalski wins face-off versus Nolan Patrick in Icehogs zone.
7:11 of 3rd period - Slapshot by Hudson Fasching.
7:11 of 3rd period - Shot Misses the Net.
8:14 of 3rd period - Icing by Colton White.
8:15 of 3rd period - Jake Marchment wins face-off versus Andrew Poturalski in Wolfpack zone.
8:32 of 3rd period - Jake Marchment is hit by Andrew Poturalski and loses puck.
8:39 of 3rd period - Snap shot by Mikhail Grigorenko.
8:39 of 3rd period - Stopped by Samuel Ersson without a rebound.
8:40 of 3rd period - Dillon Dube wins face-off versus Nolan Patrick in Wolfpack zone.
8:55 of 3rd period - Snap shot by Jeremy Davies.
8:55 of 3rd period - Shot Misses the Net.
9:26 of 3rd period - Wrist shot by Sebastian Collberg.
9:26 of 3rd period - Goal by Sebastian Collberg - Icehogs : 2 - Wolfpack : 5.
9:27 of 3rd period - Andrew Poturalski wins face-off versus Alex Barre-Boulet in neutral zone.
11:13 of 3rd period - Snap shot by Ben Johnson.
11:13 of 3rd period - Stopped by Samuel Ersson with a rebound.
11:15 of 3rd period - Wrist shot by Declan Chisholm.
11:15 of 3rd period - Stopped by Samuel Ersson with a rebound.
11:25 of 3rd period - Linus Sandin is hit by Julius Honka.
11:35 of 3rd period - Wrist shot by Linus Sandin.
11:35 of 3rd period - Goal by Linus Sandin - Icehogs : 2 - Wolfpack : 6.
11:36 of 3rd period - Hudson Fasching wins face-off versus Nolan Patrick in neutral zone.
12:20 of 3rd period - Alex Barre-Boulet is hit by JJ. Piccinich and loses puck.
13:02 of 3rd period - Snap shot by K'Andre Miller.
13:02 of 3rd period - Shot Misses the Net.
13:36 of 3rd period - Shane Pinto is hit by Nils Hoglander.
13:55 of 3rd period - Wrist shot by Andrei Altybarmakyan.
13:55 of 3rd period - Shot Misses the Net.
14:10 of 3rd period - Slapshot by Andrei Altybarmakyan.
14:10 of 3rd period - Stopped by Mackenzie Blackwood without a rebound.
14:11 of 3rd period - Maxim Letunov wins face-off versus Nolan Patrick in Icehogs zone.
14:11 of 3rd period - Maxim Letunov is hit by Sebastian Collberg.
14:47 of 3rd period - Snap shot by Alexander Barabanov.
14:47 of 3rd period - Goal by Alexander Barabanov - Icehogs : 2 - Wolfpack : 7.
14:48 of 3rd period - Sebastian Collberg wins face-off versus Andrew Poturalski in neutral zone.
15:04 of 3rd period - Wrist shot by Nolan Patrick.
15:04 of 3rd period - Stopped by Mackenzie Blackwood with a rebound.
15:14 of 3rd period - Jeremy Davies is hit by Jake Marchment and loses puck.
15:57 of 3rd period - Julius Honka is hit by Sebastian Collberg and loses puck.
16:21 of 3rd period - Snap shot by Maxim Letunov.
16:21 of 3rd period - Shot Misses the Net.
17:18 of 3rd period - Snap shot by Andrei Altybarmakyan.
17:18 of 3rd period - Shot Blocked by Nikita Okhotyuk.
17:36 of 3rd period - Slapshot by Colton White.
17:36 of 3rd period - Shot Blocked by Andrew Poturalski.
17:42 of 3rd period - Snap shot by Hudson Fasching.
17:42 of 3rd period - Shot Misses the Net.
17:55 of 3rd period - Derrick Pouliot is hit by Zach Whitecloud and loses puck.
18:03 of 3rd period - Icing by Zach Whitecloud.
18:04 of 3rd period - Shane Pinto wins face-off versus Dillon Dube in Icehogs zone.
18:25 of 3rd period - Minor Penalty to Nikita Scherbak for Hooking.
18:26 of 3rd period - Nolan Patrick wins face-off versus Mikhail Grigorenko in Icehogs zone.
18:58 of 3rd period - Slapshot by Colton White.
18:58 of 3rd period - Shot Hit the Post.
19:19 of 3rd period - Icing by Ryan Culkin.
19:20 of 3rd period - Nolan Patrick wins face-off versus Mikhail Grigorenko in Wolfpack zone.
19:43 of 3rd period - Snap shot by Alex Barre-Boulet.
19:43 of 3rd period - Shot Misses the Net.
Goals for this period are 1 for Icehogs vs 5 for Wolfpack.
Shots for this period are 9 for Icehogs vs 12 for Wolfpack.